 Dungeon Crawl Stone Soup version 0.30.1-9-gdf580d7c3d (webtiles) character file.

Game seed: 5631803068457070282

3582 Woods the Ruffian (level 10, 0/132 HPs)
             Began as a Naga Transmuter on Oct 20, 2023.
             Was a Follower of Cheibriados.
             Killed from afar by a steam dragon (15 damage)
             ... with a ball of steam
             ... on level 7 of the Dungeon.
             The game lasted 00:18:43 (10818 turns).

Woods the Ruffian (Naga Transmuter)                Turns: 10818, Time: 00:18:47

Health: 0/132      AC: 25    Str: 16    XL:     10   Next: 10%
Magic:  17/19      EV:  1    Int: 19    God:    Cheibriados [*.....]
Gold:   356        SH:  0    Dex: 13    Spells: 15/21 levels left

rFire   . .          .
                       - Unarmed
rCold   . . .        (no shield)
rNeg    . . .        a - melded +0 robe
rPois   +            d - melded +0 helmet
rElec   .            (cloak currently unavailable)
rCorr   .            (gloves currently unavailable)
SInv    +            (no barding)
Will    +....        (no amulet)
Stlth   +++          (no ring)
HPRegen 0.42/turn    (no ring)
MPRegen 0.16/turn

%: no passive effects
@: tree-form, very slow
A: stationary, stasis, torment immunity, boosted hp, AC +3, large, see
invisible, (deformed body), (poison resistance), (slowness 2), spit poison 1,
(naga tail 1)
a: Spit Poison, Renounce Religion, Bend Time


You were on level 7 of the Dungeon.
You worshipped Cheibriados.
Cheibriados was aware of your devotion.
You were a tree.
You visited 2 branches of the dungeon, and saw 9 of its levels.

You collected 436 gold pieces.
You spent 80 gold pieces at shops.

Inventory:

Armour
 a - a +0 robe (melded)
 d - a +0 helmet (melded)
 B - +0 acid dragon scales
Jewellery
 s - a +4 ring of protection
Wands
 v - a wand of flame (31)
Scrolls
 b - 4 scrolls of fog {unknown}
 e - 4 scrolls of fear {unknown}
 f - 2 scrolls of vulnerability {unknown}
 g - 5 scrolls of identify
 h - 7 scrolls of teleportation
 i - a scroll of poison {unknown}
 l - a scroll of magic mapping {unknown}
 m - 2 scrolls of amnesia {unknown}
 n - a scroll of immolation {unknown}
 q - 2 scrolls of summoning {unknown}
 r - a scroll of blinking {unknown}
 u - a scroll of noise {unknown}
 x - a scroll of acquirement {unknown}
 y - a scroll of enchant weapon {unknown}
 C - a scroll of torment {unknown}
Potions
 c - 2 potions of invisibility {unknown}
 j - 2 potions of attraction {unknown}
 k - 6 potions of curing
 o - a potion of degeneration {unknown}
 p - a potion of flight {unknown}
 t - a potion of brilliance {unknown}
 w - 2 potions of haste
 A - a potion of might {unknown}


   Skills:
 + Level 5.3 Fighting
 + Level 5.1 Dodging
 - Level 7.0 Stealth
 + Level 7.2 Unarmed Combat
 - Level 6.0 Spellcasting
 - Level 6.0 Transmutations
 - Level 2.0 Poison Magic


You had 15 spell levels left.
You knew the following spells:

 Your Spells              Type           Power      Damage    Failure   Level
a - Beastly Appendage     Tmut           56%        N/A       1%          1
b - Wereblood             Tmut           28%        N/A       1%          2
c - Spider Form           Tmut/Pois      20%        N/A       6%          3

Your spell library contained the following spells:

 Spells                   Type           Power      Damage    Failure   Level
 Inner Flame              Hex/Fire       5%         N/A       32%         3
 Vhi's Electric Charge    Tloc/Air       10%        N/A       32%         3
 Ice Form                 Ice/Tmut       17%        N/A       32%         4
 Flame Wave               Conj/Fire      5%         2d5       73%         4
 Leda's Liquefaction      Hex/Erth       2%         N/A       73%         4
 Sticky Flame             Conj/Fire      5%         2d3       73%         4
 Arcjolt                  Conj/Air       2%         1d12      97%         5
 Lee's Rapid Deconstruct  Erth           2%         3d5*      97%         5
 Statue Form              Tmut/Erth      11%        N/A       99%         6
 Maxwell's Capacitive Co  Air            2%         ∞         100%        8


Dungeon Overview and Level Annotations

Branches:
Dungeon (8/15)             Temple (1/1) D:4
   Lair: D:8-11

Altars:
Ashenzari
Cheibriados
Dithmenos
Elyvilon
Fedhas
Gozag
Kikubaaqudgha
Nemelex Xobeh
Okawaru
Qazlal
Ru
Sif Muna
Trog
Uskayaw
Vehumet
Wu Jian
Xom
Yredelemnul
Zin
The Shining One

Shops:
D:4 ?   D:6 (:*[(

Annotations:
D:6 exclusion: 2 wights


Innate Abilities, Weirdness & Mutations

You are a tree.
Your roots penetrate the ground, keeping you stationary.
You cannot be teleported.
You are immune to unholy pain and torment.
Your maximum health is greatly increased.
Your equipment is partially melded.
((Your serpentine skin is tough. (AC +3)))
You have supernaturally acute eyesight. (SInv)
((Armour fits poorly on your strangely shaped body.))
((Your system is resistant to poisons. (rPois)))
((You cover ground very slowly.))
You can spit poison.
((You have a snake-like lower body.))


Message History

The steam dragon attacks as you move away!
The steam dragon misses you.
The steam dragon claws you but does no damage.
The steam dragon misses you.
The steam dragon claws you but does no damage.
There is a stone staircase leading up here.
The steam dragon breathes steam at you. The ball of steam misses you.
You climb upwards.
There is a stone staircase leading down here.
Casting: Spider Form (dangerous; 6% risk of failure)
Confirm with . or Enter, or press ? or * to list all spells.
You turn into a venomous arachnid creature.
Your +0 helmet melds into your body.
Your +0 robe melds into your body.
The steam dragon closely misses you. The steam dragon misses you.
Unknown command.
You hit the steam dragon but do no damage.
The steam dragon is poisoned.
The steam dragon breathes steam at you. The ball of steam misses you.
The steam dragon completely misses you. The steam dragon closely misses you.
The steam dragon breathes steam at you. The ball of steam hits you!!
* * * LOW HITPOINT WARNING * * *
You hit the steam dragon.
The steam dragon looks as sick as possible!
The steam dragon is moderately wounded.
You are engulfed in a cloud of scalding steam.
* * * LOW HITPOINT WARNING * * *
The steam dragon misses you. x2
The steam dragon completely misses you. The steam dragon misses you.
There is a stone staircase leading down here.
Your transformation has ended.
Your +0 helmet unmelds from your body.
Your +0 robe unmelds from your body.
You turn into a tree.
Your +0 helmet melds into your body.
Your +0 robe melds into your body.
Your roots penetrate the ground.
You are engulfed in a cloud of scalding steam.
The steam dragon breathes steam at you. The ball of steam hits you!
You die...

.................................
.................................
.....[.........................##
##.........§.....§.............##
##...##...§.....)...........#...#
##...........§.§§§.....##..##...
#...........§§.§§.....##.#####.
#............§..§......#.## #.
#..........###♣.§.........####.
##.)....)...# ##D.............#.
##..<........# ##.........###...
......)......## #.........# ##..
...........#..####........## ##.
...............##.........## ##.
...(..............#........####..
...............######...........#
###..........### ##)........##


You could see a steam dragon (extremely poisoned, catching breath).

Vanquished Creatures
  Pikel (D:5)
  6 yaks (D:5)
  Menkaure (D:4)
  2 acid dragons
  Duvessa (D:5)
  A water moccasin (D:7)
  2 ice beasts (D:6)
  An orc warrior (D:6)
  A black bear (D:5)
  A phantom (D:6)
  4 bullfrogs
  A gnoll sergeant (D:4)
  2 wights (D:6)
  Dowan (D:5)
  A howler monkey (D:7)
  4 hounds
  An orc priest (D:7)
  2 gnoll boudas (D:5)
  4 iguanas
  Ijyb (D:5)
  2 orc wizards
  Natasha (thrice) (D:4)
  A sleepcap (D:6)
  17 gnolls
  4 adders
  2 shadow imps
  An ufetubus (D:5)
  3 dart slugs
  16 orcs
  6 ball pythons
  4 bats
  4 endoplasms
  4 giant cockroaches
  6 goblins
  4 hobgoblins
  8 kobolds
  4 quokkas
  6 frilled lizards
  4 rats
137 creatures vanquished.

Notes
Turn   | Place    | Note
-------+----------+-------------------------------------------
     0 | D:1      | Woods the Naga Transmuter began the quest for the Orb.
     0 | D:1      | Reached XP level 1. HP: 18/18 MP: 3/3
   204 | D:1      | Reached skill level 1 in Stealth
   221 | D:1      | Reached XP level 2. HP: 12/25 MP: 5/5
   476 | D:1      | Learned a level 2 spell: Wereblood
  1406 | D:2      | Reached XP level 3. HP: 30/31 MP: 4/6
  2298 | D:3      | Learned a level 3 spell: Spider Form
  2428 | D:3      | Reached XP level 4. HP: 38/38 MP: 7/7
  3003 | D:4      | Noticed Menkaure
  3122 | D:4      | Killed Menkaure
  3123 | D:4      | Reached XP level 5. HP: 23/45 MP: 8/8
  3574 | D:4      | Found a staircase to the Ecumenical Temple.
  3686 | D:4      | Noticed Natasha
  3695 | D:4      | Killed Natasha
  3696 | D:4      | Reached XP level 6. HP: 19/52 MP: 2/10
  3842 | D:4      | Noticed Natasha
  3933 | Temple   | Entered the Ecumenical Temple
  4054 | D:4      | Killed Natasha
  4135 | D:4      | Found Obica's Magic Scroll Shop.
  4143 | D:4      | Bought a scroll of identify for 20 gold pieces
  4143 | D:4      | Bought a scroll of teleportation for 30 gold pieces
  4143 | D:4      | Bought a scroll of teleportation for 30 gold pieces
  4145 | D:4      | Noticed Natasha
  4154 | D:4      | Killed Natasha
  4260 | D:4      | HP: 2/52 [gnoll/+0 halberd (10)]
  4462 | D:4      | Found a sacrificial altar of Ru.
  4596 | D:4      | Reached skill level 5 in Stealth
  4904 | D:5      | Entered Level 5 of the Dungeon
  4907 | D:5      | Noticed a black bear
  4929 | D:5      | Reached XP level 7. HP: 8/60 MP: 8/11
  4934 | D:5      | HP: 1/60 [gnoll/+0 halberd[a gnoll bouda] (9)]
  5244 | D:5      | Reached skill level 1 in Poison Magic
  5430 | D:5      | You fall into a shaft and drop 2 floors!
  5454 | D:6      | Reached skill level 5 in Unarmed Combat
  5483 | D:6      | Found Dalaxzuc's Antique Weapon Shop.
  5497 | D:6      | Found Etwou's Armour Boutique.
  5642 | D:5      | Noticed a yak
  5642 | D:5      | Noticed a yak
  5642 | D:5      | Noticed a yak
  5642 | D:5      | Noticed a yak
  5643 | D:5      | Noticed a yak
  5644 | D:5      | Noticed a yak
  6249 | D:5      | Noticed Ijyb
  6256 | D:5      | Killed Ijyb
  6257 | D:5      | Reached XP level 8. HP: 53/69 MP: 8/12
  6369 | D:5      | Noticed Duvessa
  6377 | D:5      | Killed Duvessa
  6401 | D:5      | Noticed Dowan
  6410 | D:5      | Killed Dowan
  6447 | D:5      | Noticed Pikel
  6466 | D:5      | Killed Pikel
  6710 | D:4      | Found a snail-covered altar of Cheibriados.
  6710 | D:4      | Found a glowing golden altar of the Shining One.
  6710 | D:4      | Found a basalt altar of Yredelemnul.
  6872 | D:4      | Found a stormy altar of Qazlal.
  6883 | D:4      | Became a worshipper of Cheibriados the Contemplative
  6919 | D:4      | Reached skill level 5 in Fighting
  7280 | D:5      | Killed a yak
  7281 | D:5      | Reached skill level 5 in Dodging
  7281 | D:5      | Reached XP level 9. HP: 67/81 MP: 8/13
  7985 | D:6      | Found Buxkiaxt's General Store.
  8102 | D:6      | Found a shimmering altar of Xom.
  8180 | D:6      | Found Miuris's Antique Weapon Shoppe.
  8326 | D:6      | Found Roeqaumipo's Book Emporium.
  8423 | D:6      | Reached skill level 5 in Transmutations
  8809 | D:6      | Reached skill level 5 in Spellcasting
  9283 | D:7      | Reached * piety under Cheibriados
  9757 | D:6      | Reached XP level 10. HP: 63/88 MP: 15/18
 10818 | D:7      | Killed from afar by a steam dragon

Illustrated notes

Levels and vault maps discovered:
D:1:      minmay_arrival_wavy_path, layout_loops_corners
D:2:      layout_basic, dreamdust_mushroom_princess
D:3:      layout_basic
D:4:      layout_loops_cross, nicolae_overflow_hidden_temple,
          lemuel_temple_firewalk_a, serial_shops, shop, uniq_menkaure,
          uniq_natasha
D:5:      layout_loops_cross, uniq_duvessa, uniq_ijyb, uniq_pikel
D:6:      layout_basic, mainiacjoe_overflow_cross_hatched, serial_shops, shop,
          kennysheep_little_box, shop, shop, nicolae_shop_advertising_works
          [nicolae_subvault_shop_adworks], palyth_stone_intersect
D:7:      layout_layer_cave
D:8:      minmay_bloctagon, layout_loops_cross, kennysheep_generic_room_2,
          uniq_maggie, uniq_erica
Temple:   eino_temple_lava

Skill      XL: |  1  2  3  4  5  6  7  8  9 10 |
---------------+-------------------------------+-----
Stealth        | 1 2 4 5 6 7 |  7.0
Dodging        | 2 3 5 |  5.1
Unarmed Combat | 4 5 7 |  7.2
Fighting       | 2 3 5 |  5.3
Transmutations | 3 6 |  6.0
Spellcasting   | 3 5 6 |  6.0
Poison Magic   | 2 |  2.0

Action                     |  1- 3 |  4- 6 |  7- 9 | 10-12 || total
---------------------------+-------+-------+-------+-------++-------
  Melee: Unarmed           |   117 |    99 |   259 |    19 ||   494
         Headbutt          |    15 |    13 |       |       ||    28
   Cast: Beastly Appendage |    27 |    14 |       |       ||    41
         Spider Form       |       |     3 |    40 |     5 ||    48
         Wereblood         |       |       |     1 |       ||     1
Ability: Spit Poison       |       |     3 |       |       ||     3
         End Transformatio |       |     1 |     3 |     1 ||     5
    Use: Potion            |       |     3 |       |     1 ||     4
         Scroll            |       |       |     2 |       ||     2
   Stab: Sleeping          |     4 |     1 |     1 |     1 ||     7
 Armour: Robe              |    28 |     5 |     6 |     2 ||    41
         Skin              |       |     4 |     9 |     2 ||    15
  Dodge: Dodged            |    54 |    50 |   203 |    24 ||   331
